 Dungeon Crawl Stone Soup version bcrawl-1.28.5 (webtiles) character file.

Game seed: 4708218925644905180

282466 Mehrunes the Transmogrifier (level 9, -3/57 (59) HPs)
             Began as a Merfolk Transmuter on Jan 27, 2021.
             Was an Elder of Okawaru.
             Killed from afar by a catoblepas (6 damage)
             ... with a blast of calcifying dust
             ... on level 7 of the Dungeon.
             The game lasted 00:24:58 (7083 turns).

Mehrunes the Transmogrifier (Merfolk Transmuter)    Turns: 7083, Time: 00:24:58

HP:   -3/57 (59)    AC:  2    Str: 10    XL:     9   Next: 99%
MP:   21/21         EV: 31    Int: 14    God:    Okawaru [****..]
Gold: 429           SH:  0    Dex: 21    Spells: 3/12 levels left

rFire    . . .     SeeInvis .     - Fangs (venom) (14.1)
rCold    . . .     Gourm    .   (shield currently unavailable)
rNeg     . . .     Faith    .   (armour currently unavailable)
rPois    .         Spirit   .   (helmet currently unavailable)
rElec    .         Reflect  .   (cloak currently unavailable)
rCorr    .         Harm     .   (gloves currently unavailable)
MR       .....                  (boots currently unavailable)
Stlth    ++........             y - amulet of magic regeneration
HPRegen  0.19/turn              g - ring of magical power
MPRegen  0.42/turn              B - ring of poison resistance

@: spider-form
A: tiny, (change form in water), (swift swim), (stealthy swim)
a: End Transformation, Heroism, Renounce Religion


You were on level 7 of the Dungeon.
You worshipped Okawaru.
Okawaru was greatly pleased with you.
You were hungry.
You were a venomous arachnid creature.
You visited 1 branch of the dungeon, and saw 7 of its levels.
You also visited: Sewer and Ossuary.

You collected 429 gold pieces.

Inventory:

Hand Weapons
 f - the +6 hunting sling of Teofuqol {venom, SInv, unknown}
   (You found it on level 6 of the Dungeon)

   It poisons the ammo it fires.
   It lets you see invisible.
 s - a +2 short sword of venom
Missiles
 a - 1513 arrows
 r - 197 poisoned needles (quivered)
Armour
 b - a +0 robe
 c - a +0 cloak (melded)
 k - a +0 ring mail
 w - a +0 leather armour
 G - a +2 robe of the Archmagi (melded)
 K - a +0 pair of boots
 M - the +3 leather armour of Syndicalism {rF+ rC+, unknown}
   (You found it on level 7 of the Dungeon)

   It protects you from fire.
   It protects you from cold.
Jewellery
 g - a ring of magical power (left front leg)
 u - an uncursed ring of flight
 y - an amulet of magic regeneration (around neck)
 B - a ring of poison resistance (right front leg)
 J - an uncursed amulet of regeneration {unknown}
Wands
 d - a wand of digging (5)
Scrolls
 h - 3 scrolls of teleportation
 j - a scroll of enchant weapon {unknown}
 l - a scroll of remove curse {unknown}
 m - 2 scrolls of fog {unknown}
 n - 3 scrolls of noise
 o - 2 scrolls of blinking {unknown}
 x - 2 scrolls of fear {unknown}
 z - 2 scrolls of enchant armour {unknown}
 E - 2 scrolls of amnesia {unknown}
 I - a scroll of immolation {unknown}
Potions
 i - 4 potions of agility
 p - a potion of magic {unknown}
 q - 2 potions of might
 t - a potion of mutation {unknown}
 v - 2 potions of heal wounds {unknown}
 A - a potion of brilliance {unknown}
 C - 2 potions of invisibility
 D - 2 potions of curing
 F - a potion of resistance {unknown}
 H - a potion of haste {unknown}
Comestibles
 e - 7 rations {!d}
 L - 10 chunks of flesh


   Skills:
 - Level 1.1 Fighting
 + Level 10.1 Dodging
 + Level 8.9 Unarmed Combat
 - Level 2.0 Spellcasting
 - Level 10.6 Transmutations
 - Level 3.5 Invocations


You had 3 spell levels left.
You knew the following spells:

 Your Spells              Type           Power        Failure   Level  Hunger
a - Beastly Appendage     Tmut           ####..       2%          1    None
b - Spider Form           Tmut/Pois      ###          22%         3    ####...
c - Blade Hands           Tmut           ####......   22%         5    #######

Your spell library contained the following spells:

 Spells                   Type           Power        Failure   Level  Hunger
 Sticks to Snakes         Tmut           ####....     3%          2    ##.....
 Passwall                 Tmut/Erth      ###.....     13%         2    ##.....
 Corona                   Hex            #......      45%         1    None
 Ensorcelled Hibernation  Hex/Ice        #.....       56%         2    ##.....
 Confuse                  Hex            #.......     77%         3    ####...
 Dazzling Orbs            Conj/Hex       #......      77%         3    ####...
 Tukima's Dance           Hex            #.......     77%         3    ####...
 Ice Form                 Ice/Tmut       ###.....     47%         4    ######.
 Cause Fear               Hex            #.........   98%         4    ######.


Dungeon Overview and Level Annotations

Branches:
Dungeon (7/12)             Temple (0/1) D:5
   Lair: D:7-9

Altars:
Dithmenos
Elyvilon
Hepliaklqana
Nemelex Xobeh
Okawaru
Qazlal
Sif Muna
Wu Jian
Zin
The Shining One

Shops:
D:5 (

Annotations:
D:6 1 runed translucent door, Mehrunes's ghost, novice DgFi


Message History

You hit the catoblepas but do no damage.
The catoblepas is poisoned.
The catoblepas gores you!!
You hit the catoblepas but do no damage.
The catoblepas looks more poisoned.
The catoblepas is lightly wounded.
You hit the catoblepas.
The catoblepas looks more poisoned.
The catoblepas is lightly wounded.
The catoblepas misses you.
You hit the catoblepas.
The catoblepas looks more poisoned.
The catoblepas is lightly wounded.
The catoblepas gores you!!
Ouch! That really hurt!
* * * LOW HITPOINT WARNING * * *
The deep elf mage is engulfed in calcifying dust.
The deep elf mage is moving more slowly.
The deep elf mage casts a spell.
The deep elf mage conjures a globe of magical energy!
The catoblepas breathes a plume of calcifying dust at you.
The blast of calcifying dust hits you.
You die...

#..#.##..#..##
....+#[.##.##..
...#.##..#..##
...#.##..#..#
...##..##.##..
#...##.##.##.#
#§#..##..#..##
#.######*#
..###'####
#...s§Y.e#
#^#.....#.
########o#
#.#####.#.
#.###.'.....'.
#######...>.#.#####.
#.......###.#... #.
#.#####e##..###+# ##
#.#....o...##
######.#.##....##
#........#....##
####


You could see a catoblepas, a deep elf mage (petrifying), an orc wizard and a
battlesphere.

Vanquished Creatures
  A hippogriff (D:7)
  Eustachio (D:6)
  A hungry ghost (D:5)
  Purgy (Sewer)
  An ice beast (D:5)
  A necrophage (D:7)
  A phantom (D:6)
  4 ogres
  4 centaurs
  3 bullfrogs
  2 big kobolds
  A water moccasin zombie (D:7)
  A scorpion (D:6)
  6 killer bees (D:7)
  4 wights (D:6)
  A howler monkey (D:6)
  2 crimson imps
  5 hounds
  4 orc priests
  3 centaur skeletons
  An orc wizard (D:7)
  2 iguanas
  5 worker ants
  A hound skeleton (D:5)
  6 adders
  2 shadow imps
  An adder zombie (D:7)
  4 oozes
  An adder skeleton (D:4)
  3 worms
  5 dart slugs
  8 leopard geckos
  13 orcs
  3 ball pythons (D:6)
  9 bats
  A giant cockroach (D:4)
  6 goblins
  10 hobgoblins
  16 jackals
  9 kobolds
  2 quokkas
  6 frilled lizards
  A hobgoblin zombie (Ossuary)
  10 rats
172 creatures vanquished.

Vanquished Creatures (others)
  Jessica (D:3)
  A hobgoblin (D:3)
2 creatures vanquished.

Grand Total: 174 creatures vanquished

Notes
Turn   | Place    | Note
-------+----------+-------------------------------------------
     0 | D:1      | Mehrunes the Merfolk Transmuter began the quest for the
                  | Orb.
     0 | D:1      | Reached XP level 1. HP: 15/15 MP: 3/3
   317 | D:1      | Reached XP level 2. HP: 18/21 MP: 5/5
   525 | D:1      | Reached XP level 3. HP: 20/26 MP: 6/6
   740 | D:1      | Learned a level 3 spell: Spider Form
  1200 | D:2      | Reached XP level 4. HP: 22/32 MP: 7/7
  1650 | D:2      | Found an iron altar of Okawaru.
  1664 | D:2      | Became a worshipper of Warmaster Okawaru
  1842 | D:2      | Found a shimmering blue altar of Sif Muna.
  2070 | D:3      | Found a white marble altar of Elyvilon.
  2071 | D:3      | Killed Jessica
  2211 | D:3      | Reached skill level 5 in Dodging
  2211 | D:3      | Reached skill level 5 in Unarmed Combat
  2211 | D:3      | Reached XP level 5. HP: 36/37 MP: 5/8
  2594 | D:3      | Noticed a bullfrog
  2608 | D:3      | Killed a bullfrog
  2686 | D:2      | Reached XP level 6. HP: 26/43 MP: 6/9
  3257 | D:4      | Reached * piety under Okawaru
  3318 | D:4      | Found a sand-covered staircase.
  3322 | Ossuary  | Entered an ossuary
  3460 | D:4      | Reached XP level 7. HP: 17/48 MP: 8/10
  4383 | D:5      | Entered Level 5 of the Dungeon
  4555 | D:5      | Found a staircase to the Ecumenical Temple.
  4564 | D:5      | Found Plog's Antique Weapon Shoppe.
  4658 | D:5      | Reached ** piety under Okawaru
  4744 | D:5      | Reached skill level 5 in Transmutations
  4744 | D:5      | Reached XP level 8. HP: 46/54 MP: 11/11
  4878 | D:5      | Found an ornate altar of the Wu Jian Council.
  4996 | D:5      | Learned a level 5 spell: Blade Hands
  5543 | D:5      | Reached *** piety under Okawaru
  5737 | D:6      | Noticed Eustachio
  5756 | D:6      | Killed Eustachio
  5757 | D:6      | Reached skill level 10 in Transmutations
  5757 | D:6      | Reached XP level 9. HP: 58/59 MP: 12/12
  5878 | D:6      | Found a glowing drain.
  5888 | Sewer    | Entered a sewer
  5945 | Sewer    | Noticed Purgy
  5953 | Sewer    | Killed Purgy
  6020 | D:6      | Got a masterwork hunting sling
  6131 | D:6      | Found a runed translucent door.
  6151 | D:6      | Noticed Mehrunes's ghost (novice DgFi)
  6610 | D:7      | Found a glowing silver altar of Zin.
  6611 | D:7      | Found a stormy altar of Qazlal.
  6613 | D:7      | Found a hazy altar of Hepliaklqana.
  6682 | D:7      | Reached **** piety under Okawaru
  6828 | D:7      | Got a heavily runed leather armour
  6955 | D:7      | Reached skill level 10 in Dodging
  7016 | D:7      | Found a shimmering blue altar of Sif Muna.
  7017 | D:7      | Found a glowing golden altar of the Shining One.
  7017 | D:7      | Found a shadowy altar of Dithmenos.
  7017 | D:7      | Found a sparkling altar of Nemelex Xobeh.
  7018 | D:7      | Noticed a deep elf mage
  7028 | D:7      | Noticed a tengu conjurer
  7028 | D:7      | Noticed a catoblepas
  7083 | D:7      | Killed from afar by a catoblepas

Skill      XL: |  1  2  3  4  5  6  7  8  9 |
---------------+----------------------------+-----
Dodging        | 3 4 5 6 7 8 10 | 10.1
Unarmed Combat | 4 5 6 7 8 |  8.9
Transmutations | 5 10 | 10.6
Invocations    | 2 3 |  3.5
Fighting       | |  1.1
Spellcasting   | |  2.0

Action                   |  1- 3 |  4- 6 |  7- 9 || total
-------------------------+-------+-------+-------++-------
Melee: Unarmed           |    99 |   200 |   427 ||   726
       Headbutt          |     6 |     9 |    30 ||    45
       Punch             |     3 |     3 |    11 ||    17
       Tailslap          |       |       |     3 ||     3
 Cast: Beastly Appendage |     8 |     9 |    18 ||    35
       Spider Form       |       |       |     3 ||     3
       Blade Hands       |       |       |     1 ||     1
Invok: Heroism           |       |       |     2 ||     2
 Abil: End Transformatio |       |       |     2 ||     2
  Use: Potion            |       |     6 |       ||     6
       Scroll            |       |     1 |     4 ||     5
  Eat: Chunk             |     3 |    12 |    16 ||    31
       Ration            |       |       |     2 ||     2
Armor: Robe              |    17 |       |     6 ||    23
       Ring mail         |       |    59 |    21 ||    80
       Skin              |       |    10 |     1 ||    11
       Leather armour    |       |       |    31 ||    31
Dodge: Dodged            |    95 |   164 |   391 ||   650
